 Dungeon Crawl Stone Soup version 0.21.0-24-g2553a3340b (webtiles) character file.

463 Hat the Chopper (level 6, -5/58 HPs)
             Began as a Deep Dwarf Berserker on Jan 21, 2018.
             Was a Believer of Trog.
             Killed by divine providence
             ... invoked by an orc priest
              (15 damage)
             ... on level 4 of the Dungeon.
             The game lasted 00:23:37 (1822 turns).

Hat the Chopper (Deep Dwarf Berserker)              Turns: 1822, Time: 00:23:41

Health: -5/58      AC:  5    Str: 23    XL:     6   Next: 79%
Magic:  6/6        EV: 12    Int:  7    God:    Trog [**....]
Gold:   151        SH:  0    Dex: 12    Spells: 5/5 levels left

rFire    . . .     SeeInvis .   n - +0 war axe
rCold    . . .     Gourm    .   (no shield)
rNeg     . . .     Faith    .   a - +0 ring mail
rPois    .         Spirit   .   (no helmet)
rElec    .         Reflect  .   (no cloak)
rCorr    .         Harm     .   (no gloves)
MR       .....                  (no boots)
Stlth    +.........             (no amulet)
HPRegen  0.00/turn              (no ring)
MPRegen  0.10/turn              (no ring)

@: non-regenerating
A: damage resistance, heal wounds, sense surroundings 1, screaming 1, no
regeneration
a: Heal Wounds, Berserk, Trog's Hand, Burn Spellbooks, Renounce Religion


You were on level 4 of the Dungeon.
You worshipped Trog.
Trog was pleased with you.
You were not hungry.

You visited 1 branch of the dungeon, and saw 3 of its levels.

You collected 151 gold pieces.

Inventory:

Hand Weapons
 n - a +0 war axe (weapon)
Armour
 a - a +0 ring mail (worn)
Scrolls
 b - a scroll of remove curse
 e - 7 scrolls of identify
 k - 4 scrolls of teleportation
Potions
 d - a potion of berserk rage
 j - a potion of lignification
Comestibles
 c - 7 rations
 f - 2 chunks of flesh


   Skills:
 * Level 4.3 Fighting
 + Level 6.0 Axes
 * Level 3.8 Armour
 + Level 3.4 Dodging
 + Level 0.3 Stealth


You had 5 spell levels left.
You didn't know any spells.

Dungeon Overview and Level Annotations

Branches:
Dungeon (4/15)
 Temple: D:4-7

Altars:
Ashenzari

Shops:
D:4 [


Innate Abilities, Weirdness & Mutations

You are resistant to damage.
You can heal yourself by infusing magical energy.
You passively map a small area around you.
You do not regenerate.
You occasionally shout uncontrollably at your foes.


Message History

You stop butchering the corpse.
An orc comes into view. It is wielding a flail of protection.
An orc comes into view. It is wielding a trident.
The orc throws a stone.
The stone hits you.
Things that are here:
a stone; a jackal corpse; 3 chunks of flesh The orc shouts!
The orc throws a stone.
The stone misses you.
An orc priest comes into view. It is wielding a club.
The orc priest shouts!
The orc hits you from afar with a trident!
* * * LOW HITPOINT WARNING * * *
The orc barely misses you.
You slash the orc!
You kill the orc!
Trog accepts your kill.
The orc hits you from afar with a trident.
The orc priest invokes the aid of Beogh against you.
Beogh smites you!
You die...

### ### ###.########.#
.##..........# ### **
.##.########.# #(.,
.##.# #.# #.# ,*
.##.########.# #.# *
.##..........# #(# , *
* .##########..###.###
.#####..........@..# ,
.#......###..###)#o# *
.#......# #..........
,
.#......###..###.#o###
, , .#..........<#
#.#.# .##.....###..#
#.# # * .##...........
..#, .##........#.#
### , ............ ,


You could see an orc priest and an orc.

Vanquished Creatures
  Sigmund (D:2)
  A centaur (D:4)
  A scorpion (D:4)
  An orc priest (D:4)
  A worker ant (D:4)
  6 adders
  An ooze (D:4)
  A dart slug (D:1)
  2 leopard geckos (D:1)
  4 orcs (D:4)
  4 giant cockroaches
  9 hobgoblins
  12 jackals
  A quokka (D:2)
  A ball python (D:2)
  7 bats
  A frilled lizard (D:1)
  3 goblins
  4 kobolds
  6 rats
67 creatures vanquished.

Notes
Turn   | Place    | Note
-------+----------+-------------------------------------------
     0 | D:1      | Hat the Deep Dwarf Berserker began the quest for the Orb.
     0 | D:1      | Reached XP level 1. HP: 20/20 MP: 1/1
   119 | D:1      | Reached XP level 2. HP: 18/27 MP: 2/2
   330 | D:1      | Reached ** piety under Trog
   436 | D:1      | Reached XP level 3. HP: 22/34 MP: 3/3
   574 | D:2      | Reached skill level 4 in Axes
   594 | D:2      | Reached XP level 4. HP: 25/42 MP: 4/4
   677 | D:2      | Gained mutation: You are partially covered in molten scales. (AC +2) [potion of mutation]
   677 | D:2      | Gained mutation: Potions are less effective at restoring your health. [potion of mutation]
   677 | D:2      | Gained mutation: You have sharp toenails. [potion of mutation]
   911 | D:2      | Noticed Sigmund
   968 | D:2      | Killed Sigmund
   968 | D:2      | Reached skill level 5 in Axes
   968 | D:2      | Reached XP level 5. HP: 30/50 MP: 5/5
   976 | D:2      | Lost mutation: You are partially covered in molten scales. (AC +2) [potion of mutation]
   976 | D:2      | Lost mutation: You have sharp toenails. [potion of mutation]
   976 | D:2      | Gained mutation: You possess an exceptional clarity of mind. [potion of mutation]
   976 | D:2      | Gained mutation: You are partially covered in molten scales. (AC +2) [potion of mutation]
   977 | D:2      | Lost mutation: You possess an exceptional clarity of mind. [potion of mutation]
   977 | D:2      | Lost mutation: Potions are less effective at restoring your health. [potion of mutation]
   977 | D:2      | Lost mutation: You are partially covered in molten scales. (AC +2) [potion of mutation]
   977 | D:2      | Gained mutation: You occasionally shout uncontrollably at your foes. [potion of mutation]
  1296 | D:2      | You fall through a shaft for 2 floors!
  1403 | D:4      | Reached XP level 6. HP: 35/57 MP: 6/6
  1545 | D:4      | Found Diasek's Antique Armour Emporium.
  1602 | D:4      | Reached skill level 6 in Axes
  1681 | D:4      | Found a shattered altar of Ashenzari.
  1822 | D:4      | Killed from afar by an orc priest

Skill      XL: |  1  2  3  4  5  6 |
---------------+-------------------+-----
Fighting       | 3 4 |  4.3
Axes           | 4 5 6 |  6.0
Armour         | 3 |  3.8
Dodging        | 3 |  3.4
Stealth        | |  0.3

Action                   |  1- 3 |  4- 6 || total
-------------------------+-------+-------++-------
Melee: Hand axe          |   125 |     4 ||   129
       War axe           |       |   115 ||   115
       Kick              |       |    10 ||    10
Invok: Trog's Hand       |     2 |     7 ||     9
  Use: Potion            |       |     8 ||     8
       Scroll            |       |     3 ||     3
  Eat: Chunk             |       |     7 ||     7
Armor: Animal skin       |    22 |     6 ||    28
       Leather armour    |       |     4 ||     4
       Ring mail         |       |    23 ||    23
Dodge: Dodged            |    79 |    76 ||   155
